 Dungeon Crawl Stone Soup version 0.26-a0-651-gb41185065b (webtiles) character file.

Game seed: 15261623491242804153

60 Irenicus the Digger (level 3, 23/28 HPs)
             Began as a Deep Dwarf Earth Elementalist on Oct 16, 2020.
             Quit the game on level 2 of the Dungeon.
             The game lasted 00:04:00 (758 turns).

Irenicus the Digger (Deep Dwarf Earth Elementalist)  Turns: 758, Time: 00:04:01

Health: 23/28      AC:  3    Str: 11    XL:     3   Next: 82%
Magic:  0/4        EV: 12    Int: 16    God:
Gold:   26         SH:  0    Dex: 13    Spells: 2/5 levels left

rFire    . . .     SeeInvis .   f - +0 dagger
rCold    . . .     Faith    .   (no shield)
rNeg     . . .     Spirit   .   c - +0 robe
rPois    .         Reflect  .   d - +0 helmet
rElec    .         Harm     .   (no cloak)
rCorr    .         Rampage  .   (no gloves)
MR       .....                  (no boots)
Stlth    ++........             (no amulet)
HPRegen  0.00/turn              (no ring)
MPRegen  0.09/turn              (no ring)

@: non-regenerating
A: damage resistance, heal wounds, sense surroundings 1, no regeneration
a: Heal Wounds


You were on level 2 of the Dungeon.
You visited 1 branch of the dungeon, and saw 2 of its levels.

You collected 26 gold pieces.

Inventory:

Hand Weapons
 f - a +0 dagger (weapon)
   (You took it off a goblin on level 1 of the Dungeon)
Missiles
 b - 20 stones (quivered)
Armour
 c - a +0 robe (worn)
 d - a +0 helmet (worn)
   (You found it on level 1 of the Dungeon)
Scrolls
 a - a scroll of immolation {unknown}
 g - a scroll of fear {unknown}


   Skills:
 - Level 2.1 Dodging
 - Level 2.4 Stealth
 - Level 1.7 Spellcasting
 - Level 0.8 Transmutations
 + Level 6.4 Earth Magic


You had 2 spell levels left.
You knew the following spells:

 Your Spells              Type           Power        Failure   Level
a - Sandblast             Erth           ###...       1%          1
w - Passwall              Tmut/Erth      ##......     8%          2

Your spell library contained the following spells:

 Spells                   Type           Power        Failure   Level
 Stone Arrow              Conj/Erth      ##....       17%         3
 Lee's Rapid Deconstruct  Erth           ###.......   38%         5
 Petrify                  Tmut/Erth      ##......     43%         4


Dungeon Overview and Level Annotations

Branches:
Dungeon (2/15)

Altars:


Innate Abilities, Weirdness & Mutations

You are resistant to damage.
You can heal yourself by infusing magical energy.
You passively map a small area around you.
You do not regenerate.


Message History

You now have 2/5 mp.
There is a stone staircase leading up here.
You see here 16 gold pieces.
You now have 26 gold pieces (gained 16).
The bat barely misses you.
Casting: Sandblast (safe; 1% risk of failure)
Confirm with . or Enter, or press ? or * to list all spells.
Aiming: Sandblast (safe; 1% risk of failure)
Press: ? - help, Shift-Dir - straight line, f - bat
Aim: a bat The blast of sand hits the bat.
The bat is moderately wounded.
b - 27 stones The bat barely misses you.
You now have 2/5 mp.
Casting: Sandblast (safe; 1% risk of failure)
Confirm with . or Enter, or press ? or * to list all spells.
Aiming: Sandblast (safe; 1% risk of failure)
Press: ? - help, Shift-Dir - straight line, f/p - bat
Aim: a bat (moderately wounded)
The blast of sand hits the bat!
You kill the bat!
b - 26 stones You now have 1/5 mp.
You see here a rat corpse.
As you open the door, it creaks loudly!
There is an open door here.
Drop what? 7/52 slots (_ for help) (? for menu, Esc to quit)
You drop a potion of stabbing.
You feel less ready to backstab.
Unknown command.
Magic restored. 2 gnolls come into view.
The gnoll shouts! x2
A rat comes into view.
MP restored: 5
Casting: Sandblast (safe; 1% risk of failure)
Confirm with . or Enter, or press ? or * to list all spells.
Aiming: Sandblast (safe; 1% risk of failure)
Press: ? - help, Shift-Dir - straight line, f - rat
Aim: a rat The blast of sand hits the rat!
You kill the rat!
b - 25 stones You now have 4/5 mp.
Casting: Sandblast (safe; 1% risk of failure)
Confirm with . or Enter, or press ? or * to list all spells.
Aiming: Sandblast (safe; 1% risk of failure)
Press: ? - help, Shift-Dir - straight line, f - gnoll
Aim: a gnoll, wielding a +0 whip The blast of sand hits the gnoll!
You kill the gnoll!
Your Earth Magic skill increases to level 6!
b - 24 stones You now have 3/5 mp.
Casting: Sandblast (safe; 1% risk of failure)
Confirm with . or Enter, or press ? or * to list all spells.
Aiming: Sandblast (safe; 1% risk of failure)
Press: ? - help, Shift-Dir - straight line, f - gnoll
Aim: a gnoll, wielding a +0 spear The blast of sand hits the gnoll.
The gnoll is moderately wounded.
b - 23 stones The gnoll hits you from afar with a +0 spear.
You take 4 damage, and have 10/28 hp.
You now have 2/5 mp.
Casting: Sandblast (safe; 1% risk of failure)
Confirm with . or Enter, or press ? or * to list all spells.
Aiming: Sandblast (safe; 1% risk of failure)
Press: ? - help, Shift-Dir - straight line, f/p - gnoll
Aim: a gnoll, wielding a +0 spear (moderately wounded)
The blast of sand misses the gnoll.
b - 22 stones The gnoll hits you from afar with a +0 spear.
* * * LOW HITPOINT WARNING * * *
You take 3 damage, and have 7/28 hp.
You now have 1/5 mp.
Casting: Sandblast (safe; 1% risk of failure)
Confirm with . or Enter, or press ? or * to list all spells.
Aiming: Sandblast (safe; 1% risk of failure)
Press: ? - help, Shift-Dir - straight line, f/p - gnoll
Aim: a gnoll, wielding a +0 spear (moderately wounded)
The blast of sand hits the gnoll.
The gnoll is severely wounded.
b - 21 stones The gnoll barely misses you.
You now have 0/5 mp.
Casting: Sandblast (safe; 1% risk of failure)
Confirm with . or Enter, or press ? or * to list all spells.
Aiming: Sandblast (safe; 1% risk of failure)
Press: ? - help, Shift-Dir - straight line, f/p - gnoll
Aim: a gnoll, wielding a +0 spear (severely wounded)
The blast of sand hits the gnoll!
You kill the gnoll!
b - 20 stones You now have 0/5 mp.
Your magical essence is drained by the effort!
You feel much better.
You regained 16 hp, and now have 23/28 hp.
Search for what [Enter for "stone", or ? for help]?
Okay, then.
Are you sure you want to abandon this character and quit the game? (Confirm with "yes".)

#....#, , #.)..# *
* #....# , ,
#....####### , *,
#........... ,
#..)#########* *
** * ####.........
, #.######## * #@#
#.################
#.................
##################


There were no monsters in sight!

Vanquished Creatures
  2 gnolls (D:2)
  An adder (D:2)
  A ball python (D:1)
  7 bats
  2 giant cockroaches (D:1)
  2 goblins (D:1)
  5 hobgoblins (D:1)
  A frilled lizard (D:1)
  6 kobolds (D:1)
  3 rats
30 creatures vanquished.

Notes
Turn   | Place    | Note
-------+----------+-------------------------------------------
     0 | D:1      | Irenicus the Deep Dwarf Earth Elementalist began the quest
                  | for the Orb.
     0 | D:1      | Reached XP level 1. HP: 15/15 MP: 3/3
   271 | D:1      | Reached XP level 2. HP: 17/22 MP: 0/4
   337 | D:1      | Reached skill level 5 in Earth Magic
   622 | D:1      | Reached XP level 3. HP: 14/28 MP: 3/5
   641 | D:1      | Learned a level 2 spell: Passwall
   744 | D:2      | Reached skill level 6 in Earth Magic
   746 | D:2      | HP: 7/28 [gnoll/+0 spear (3)]
   758 | D:2      | Quit the game

Illustrated notes

Levels and vault maps discovered:
D:1:      onia_arrival_pentagram, layout_basic, solitary_fountain
D:2:      layout_basic, uniq_crazy_yiuf_cottage

Skill      XL: |  1  2  3 |
---------------+----------+-----
Earth Magic    | 5 6 |  6.4
Dodging        | |  2.1
Stealth        | |  2.4
Spellcasting   | |  1.7
Transmutations | |  0.8

Action                   || total
-------------------------++-------
Melee: Unarmed           ||     8
       Dagger            ||    15
 Cast: Sandblast         ||    46
       Passwall          ||     1
 Abil: Heal Wounds       ||     1
  Use: Scroll            ||     1
       Potion            ||     1
Armor: Robe              ||    19
Dodge: Dodged            ||    59

Table legend: (Time is in decaauts)
 A = Elapsed time spent in this place.
 B = Non-inter-level travel time spent in this place.
 C = Inter-level travel time spent in this place.
 D = Time resting spent in this place.
 E = Time spent auto-exploring this place.
 F = Levels seen in this place.
 G = Mean time per level.
                   A        B        C        D        E       F      G
               +--------+--------+--------+--------+--------+-----+--------+
         Total |    757 |    757 |      0 |      0 |     50 |   2 |  378.5 |
       Dungeon |    757 |    757 |      0 |      0 |     50 |   2 |  378.5 |
               +--------+--------+--------+--------+--------+-----+--------+

Top non-repeatable levels by time:
     D:1: 655 daAuts
     D:2: 101 daAuts

Table legend:
 A = Kills in this place as a percentage of kills in entire the game.
 B = Kills by you in this place as a percentage of kills by you in the entire game.
 C = Kills by friends in this place as a percentage of kills by friends in the entire game.
 D = Other kills in this place as a percentage of other kills in the entire game.
 E = Experience gained in this place as a percentage of experience gained in the entire game.
 F = Experience gained in this place divided by the number of levels of this place that you have seen.
                   A       B       C       D       E      F
               +-------+-------+-------+-------+-------+----------------------
         Total | 100.0 | 100.0 |   N/A |   N/A | 100.0 |  43.5
       Dungeon | 100.0 | 100.0 |   N/A |   N/A | 100.0 |  43.5
               +-------+-------+-------+-------+-------+----------------------
